 Dungeon Crawl Stone Soup version 0.24-a0-139-geb6712d (webtiles) character file.

Game seed: 0

611170 JimmahDean the Hoplite (level 27, -7/250 HPs)
             Began as a Hill Orc Abyssal Knight on Mar 1, 2019.
             Was an Elder of Lugonu.
             Mangled by an Ice Fiend (16 damage)
             ... on level 5 of the Realm of Zot on Mar 3, 2019.
             The game lasted 05:32:05 (78874 turns).

JimmahDean the Hoplite (Hill Orc Abyssal Knight)   Turns: 78874, Time: 05:32:06

Health: -7/250     AC: 38    Str: 29      XL:     27
Magic:  11/27      EV: 12    Int: 14 (16) God:    Lugonu [****..]
Gold:   511        SH: 27    Dex:  5      Spells: 26/32 levels left

rFire    + + +     SeeInvis .   a - +9 eveningstar (freeze)
rCold    + + .     Gourm    .   H - +1 large shield
rNeg     + . .     Faith    .   h - +10 plate armour {MR+}
rPois    +         Spirit   .   U - +2 helmet
rElec    +         Reflect  .   v - scarf {rC+ rF+}
rCorr    +         Harm     .   P - +0 pair of gloves of Peek-a-Boo {MR+}
MR       ++++.     Rnd*Rage +   y - +2 pair of boots
Stlth    ..........             n - amulet of the Invisible Hand {rElec Regen+ Dex+4}
HPRegen  1.91/turn              Z - ring of Arrival {Ice +Inv rElec rN+ Stlth-}
MPRegen  0.20/turn              W - ring "Vociqigi" {rF+++ rC- Int+4 Dex-5 Slay+6}

@: mighty, resistant, very slightly contaminated, regenerating, hasted, very
quick
A: berserk 1, clumsy 2, low mp 2, mutation resistance 1, weak 2
0: Orb of Zot
}: 3/15 runes: barnacled, abyssal, gossamer
a: Depart the Abyss, Bend Space, Banish, Corrupt, Renounce Religion, Evoke
Invisibility


You were on level 5 of the Realm of Zot.
You worshipped Lugonu.
Lugonu was greatly pleased with you.
You were full.

You visited 9 branches of the dungeon, and saw 46 of its levels.
You visited the Abyss 5 times.
You visited 1 bazaar.
You also visited: Trove, Ice Cave and Wizlab.

You collected 6304 gold pieces.
You spent 5793 gold pieces at shops.

Inventory:

Hand Weapons
 a - a +9 eveningstar of freezing (weapon)
 b - a +7 demon whip of distortion
Armour
 h - a +10 plate armour of magic resistance (worn)
 v - a scarf of resistance (worn)
 y - a +2 pair of boots (worn)
 H - a +1 large shield (worn)
 P - the +0 pair of gloves of Peek-a-Boo (worn) {MR+}
   (You found it on level 4 of the Depths)

   It affects your resistance to hostile enchantments.
 U - a +2 helmet (worn)
Jewellery
 n - the amulet of the Invisible Hand (around neck) {rElec Regen+ Dex+4}
   (You found it in a treasure trove)

   [amulet of regeneration]

   It affects your dexterity (+4).
   It insulates you from electricity.
   It increases your rate of regeneration.
 W - the ring "Vociqigi" (right hand) {rF+++ rC- Int+4 Dex-5 Slay+6}
   (You bought it in a shop on level 1 of the Depths)

   [ring of intelligence]

   It affects your intelligence (+4).
   It affects your dexterity (-5).
   It affects your accuracy and damage with ranged weapons and melee attacks
   (+6).
   It renders you almost immune to fire.
   It makes you vulnerable to cold.
 Z - the ring of Arrival (left hand) {Ice +Inv rElec rN+ Stlth-}
   (You found it on level 3 of the Spider Nest)

   [ring of ice]

   It enhances your ice magic.
   It makes you vulnerable to fire.
   It protects you from cold.
   It insulates you from electricity.
   It protects you from negative energy.
   It lets you turn invisible.
   It makes you less stealthy.
Wands
 j - a wand of digging (8)
 D - a wand of iceblast (2)
 E - a wand of disintegration (35)
 F - a wand of scattershot (4)
 G - a wand of paralysis (45)
 S - a wand of acid (1)
 T - a wand of enslavement (21)
Scrolls
 m - 10 scrolls of fear
 q - 4 scrolls of magic mapping
 s - 26 scrolls of remove curse {@r2}
 x - 2 scrolls of blinking
 B - a scroll of identify {@r1}
 C - 2 scrolls of fog {@r3}
 L - 7 scrolls of amnesia
 M - a scroll of summoning
 O - 4 scrolls of holy word
 X - 18 scrolls of teleportation {@r4}
Potions
 d - 5 potions of lignification {!q}
 f - 15 potions of curing {@q1}
 i - 3 potions of brilliance
 p - 8 potions of mutation {!q}
 t - a potion of agility
 u - 8 potions of ambrosia
 w - 2 potions of cancellation
 z - 5 potions of flight
 A - 3 potions of resistance
 I - a potion of haste {@q3}
 R - 2 potions of might
 Y - a potion of invisibility
Miscellaneous
 l - a lamp of fire
 J - a lightning rod (4/4) {!a}
Comestibles
 c - 65 rations {@e1}


   Skills:
 - Level 21.0 Fighting
 - Level 18.0 Maces & Flails
 + Level 19.8 Armour
 * Level 14.1 Dodging
 - Level 7.1 Stealth
 - Level 25.0 Shields
 - Level 3.0 Spellcasting
 - Level 7.0 Charms
 - Level 7.0 Necromancy
 - Level 5.0 Translocations
 - Level 4.0 Air Magic
 - Level 13.0 Invocations
 - Level 15.1 Evocations


You had 26 spell levels left.
You knew the following spells:

 Your Spells              Type           Power        Failure   Level  Hunger
a - Apportation           Tloc           ###...       12%         1    #......
b - Regeneration          Chrm/Necr      ###.......   16%         3    ###....
c - Swiftness             Chrm/Air       ###.....     14%         2    ##.....

Your spell library contained the following spells:

 Spells                   Type           Power        Failure   Level  Hunger
 Animate Skeleton         Necr           N/A          4%          1    #......
 Pain                     Necr           ###.         4%          1    #......
 Vampiric Draining        Necr           ###.......   16%         3    ###....
 Lesser Beckoning         Tloc           ###.......   34%         3    ###....
 Animate Dead             Necr           N/A          45%         4    #####..
 Poisonous Vapours        Pois/Air       #.....       52%         2    ##.....
 Ozocubu's Armour         Chrm/Ice       ###.....     54%         3    ###....
 Beastly Appendage        Tmut           #.....       65%         1    #......
 Confusing Touch          Hex            #.....       65%         1    #......
 Corona                   Hex            #......      65%         1    #......
 Freeze                   Ice            #...         65%         1    #......
 Magic Dart               Conj           #...         65%         1    #......
 Sandblast                Erth           #.....       65%         1    #......
 Sting                    Conj/Pois      #...         65%         1    #......
 Summon Butterflies       Summ           #.......     65%         1    #......
 Summon Small Mammal      Summ           #...         65%         1    #......
 Portal Projectile        Hex/Tloc       #.....       67%         3    ###....
 Ensorcelled Hibernation  Hex/Ice        #.....       80%         2    ##.....
 Passwall                 Tmut/Erth      #.......     80%         2    ##.....
 Searing Ray              Conj           #.....       80%         2    ##.....
 Slow                     Hex            #.......     80%         2    ##.....
 Sticks to Snakes         Tmut           #.......     80%         2    ##.....
 Throw Frost              Conj/Ice       #.....       80%         2    ##.....
 Mephitic Cloud           Conj/Pois/Air  #.......     83%         3    ###....
 Confuse                  Hex            #.......     95%         3    ###....
 Conjure Flame            Conj/Fire      #.......     95%         3    ###....
 Dazzling Spray           Conj/Hex       #.....       95%         3    ###....
 Ignite Poison            Fire/Tmut/Pois #.......     95%         3    ###....
 Inner Flame              Hex/Fire       #.......     95%         3    ###....
 Spider Form              Tmut/Pois      #.........   95%         3    ###....
 Stone Arrow              Conj/Erth      #.....       95%         3    ###....
 Tukima's Dance           Hex            #.......     95%         3    ###....
 Force Lance              Conj/Tloc      #.......     97%         4    #####..
 Borgnjor's Vile Clutch   Necr/Erth      ##........   99%         5    ######.
 Iskenderun's Battlesphe  Conj/Chrm      ##......     99%         5    ######.
 Cause Fear               Hex            #.........   100%        4    #####..
 Fulminant Prism          Conj/Hex       #.........   100%        4    #####..
 Ice Form                 Ice/Tmut       #.......     100%        4    #####..
 Iskenderun's Mystic Bla  Conj           #.......     100%        4    #####..
 Leda's Liquefaction      Hex/Erth       #.........   100%        4    #####..
 Olgreb's Toxic Radiance  Pois           #.......     100%        4    #####..
 Petrify                  Tmut/Erth      #.......     100%        4    #####..
 Summon Ice Beast         Ice/Summ       #.......     100%        4    #####..
 Throw Icicle             Conj/Ice       #.......     100%        4    #####..
 Alistair's Intoxication  Tmut/Pois      #.......     100%        5    ######.
 Blade Hands              Tmut           #.........   100%        5    ######.
 Bolt of Magma            Conj/Fire/Erth #.........   100%        5    ######.
 Fireball                 Conj/Fire      #.........   100%        5    ######.
 Lee's Rapid Deconstruct  Erth           #.........   100%        5    ######.
 Lightning Bolt           Conj/Air       #.........   100%        5    ######.
 Silence                  Hex/Air        #.........   100%        5    ######.
 Venom Bolt               Conj/Pois      #.........   100%        5    ######.
 Bolt of Fire             Conj/Fire      #.........   100%        6    #######
 Darkness                 Hex            #.........   100%        6    #######
 Freezing Cloud           Conj/Ice/Air   #.........   100%        6    #######
 Invisibility             Hex            #.......     100%        6    #######
 Iron Shot                Conj/Erth      #.........   100%        6    #######
 Poison Arrow             Conj/Pois      #.........   100%        6    #######
 Shadow Creatures         Summ           N/A          100%        6    #######
 Statue Form              Tmut/Erth      #........    100%        6    #######
 Malign Gateway           Summ/Tloc      #.........   100%        7    #######
 Monstrous Menagerie      Summ           #.........   100%        7    #######
 Orb of Destruction       Conj           #.........   100%        7    #######
 Ring of Flames           Chrm/Fire      ##........   100%        7    #######
 Spellforged Servitor     Conj/Summ      #.........   100%        7    #######
 Summon Greater Demon     Summ           #.........   100%        7    #######
 Chain Lightning          Conj/Air       #.........   100%        8    #######
 Ignition                 Fire           #.........   100%        8    #######
 Lehudib's Crystal Spear  Conj/Erth      #.........   100%        8    #######
 Summon Horrible Things   Summ           #.........   100%        8    #######
 Fire Storm               Conj/Fire      #.........   100%        9    #######
 Glaciate                 Conj/Ice       #.........   100%        9    #######
 Shatter                  Erth           #.........   100%        9    #######
 Passage of Golubria      Tloc           Unusable     N/A         4    N/A

Dungeon Overview and Level Annotations

Branches:
Dungeon (15/15)            Temple (0/1) D:5            Lair (6/6) D:9
 Shoals (4/4) Lair:2       Spider (4/4) Lair:4          Orc (2/2) D:11
    Elf (1/3) Orc:2        Vaults (4/5) D:13          Crypt (0/3) Vaults:2
 Depths (5/5) D:15            Zot (5/5) Depths:5
  Slime: Lair:5-6

Altars:
Ashenzari
Cheibriados
Makhleb
Sif Muna
Vehumet
Xom
The Shining One
Beogh
Jiyva
Lugonu

Shops:
D:4 [   D:14 (   Orc:2 [?*(   Shoals:3 !   Vaults:3 (   Depths:1 =}=
Depths:4 ?

Portals:
Hell: Depths:1 Depths:2 Depths:3 Depths:4 Depths:5
Abyss: Depths:3 Depths:4 Depths:5
Pandemonium: Depths:3
Ziggurat: Depths:1

Annotations:
D:4 2 transporters, MsNecromancer's ghost, amateur MiFi
D:5 exclusion: door
D:10 7 agi potion trove!
Lair:5 exclusion: oklob plant
Spider:3 exclusion: Roxanne, Roxanne
Vaults:5 Vaults:5!!!
Depths:2 exclusion: 2 orange crystal statues
Depths:3 2 transporters
Zot:5 1 runed translucent door, corrupted, exclusions: door, orange crystal statue and 1 more exclusion, MsNecromancer's ghost, master MiFi


Innate Abilities, Weirdness & Mutations

You tend to lose your temper in combat.
You are very clumsy. (Dex -4)
Your magical capacity is very low. (-20% MP)
You are somewhat resistant to further mutation.
You are very weak. (Str -4)


Message History

Aim: an Ice Fiend (magic immune)
Okay, then.
You feel protected. You block the orange demon's attack.
You regained 2 hp, and now have 7/250 hp.
You feel better. You block the sixfirhy's attack.
You regained 6 hp, and now have 13/250 hp.
You block the sixfirhy's attack. x2; You block the orange demon's attack.
The orange demon barely misses you.
The Ice Fiend claws you but does no damage.
You block the Ice Fiend's attack.
You skewer the Ice Fiend like a kebab!!!
You block the sixfirhy's attack. x2
The orange demon stings you but does no damage.
You block the orange demon's attack.
The Ice Fiend claws you but does no damage.
The Ice Fiend claws you.
* * * LOW HITPOINT WARNING * * *
The Ice Fiend freezes you! You resist.
You die...

▓▓.^...................
▓▓......................
▓▓.......................
▓...............^........
▓............§§§.........
*▓.........^.§§§§§......#
▓▓.........§§§§§§§.^.▓##
▓▓....34...§§.§§§▓▓▓▓
▓▓^..@1##▓▓▓▓▓▓▓▓▓▓▓#
##................)..##
##...........^....##....
##..........^...^...###[.
#...................^###.
#.............^......# ##
#....................# #
#....................# #
#....................#


You could see an Ice Fiend, an orange demon and a sixfirhy.

Vanquished Creatures
  An ancient lich (Depths:2)
  4 orbs of fire
  3 juggernauts
  The ghost of MsNecromancer the Conqueror, a veteran MiFi of Gozag (Depths:5)
  2 Killer Klowns (Zot:5)
  A caustic shrike (Depths:4)
  3 golden dragons
  A profane servitor (Abyss:1)
  Nikola (Shoals:2)
  the Enchantress (Depths:2)
  The ghost of sokol815 the Spry, an adept OpFi of Gozag (Vaults:2)
  A Cloud Mage (WizLab)
  3 liches
  An electric golem (Zot:4)
  Rupert (Abyss:1)
  2 Hell Sentinels (Abyss:3)
  7 tentacled monstrosities
  21 Orb Guardians (Zot:5)
  Jorgrun (D:13)
  2 quicksilver dragons
  3 titans
  3 acid blobs (Depths:5)
  16 tentacled starspawn
  2 Executioners
  2 death cobs (Zot:4)
  Frances (D:12)
  A kraken (Shoals:4)
  Agnes (D:14)
  4 sphinxes
  3 shadow dragons
  7 storm dragons
  A storm dragon (shapeshifter) (Depths:5)
  A draconian monk (Zot:5)
  4 tengu reavers
  7 azure jellies (Depths:5)
  A revenant (Abyss:3)
  7 fire giants
  An iron dragon (shapeshifter) (Vaults:3)
  A nagaraja (Vaults:3)
  10 frost giants
  3 iron dragons
  A deep elf sorcerer (Elf:1)
  8 ghost moths
  A cacodemon (Zot:5)
  2 balrugs
  A draconian scorcher (Depths:5)
  A caustic shrike zombie (Depths:3)
  11 vault wardens
  2 draconian stormcallers (Depths:5)
  4 draconian annihilators
  A draconian shifter (Zot:4)
  20 stone giants
  5 spriggan defenders
  10 ironheart preservers
  4 war gargoyles
  16 very ugly things
  2 green draconians
  2 vampire knights
  2 ophanim
  4 entropy weavers
  3 white draconians
  19 spark wasps
  2 black draconians
  A deep elf annihilator (Elf:1)
  A red draconian (Zot:4)
  5 merfolk javelineers
  Azrael (D:14)
  Snorg (D:11)
  3 purple draconians
  An eidolon (Depths:2)
  2 yellow draconians (Depths:5)
  9 fire dragons
  A fire dragon (shapeshifter) (Abyss:3)
  2 deep elf death magi
  2 crystal guardians (Abyss:3)
  A green death (Abyss:3)
  3 death oozes (Depths:5)
  A merfolk impaler (Shoals:3)
  9 great orbs of eyes
  11 ettins
  12 ogre magi
  2 deep elf high priests
  Erolcha (Abyss:1)
  5 blizzard demons
  12 yaktaur captains
  20 vault guards
  11 hydras
  6 rakshasas
  6 ghost crabs (WizLab)
  11 centaur warriors
  A quicksilver dragon skeleton (Depths:3)
  A monstrous demonspawn (Depths:3)
  5 merfolk avatars
  9 ice dragons
  3 death knights
  2 alligator snapping turtles
  5 spriggan air magi
  3 catoblepae
  38 two-headed ogres
  6 dancing weapons
  8 death yaks
  A vampire mage (Depths:1)
  3 merfolk aquamancers
  A queen ant (shapeshifter) (Vaults:2)
  9 deep troll shamans
  6 spriggan berserkers
  7 tengu warriors
  4 hell hogs (Abyss:3)
  11 thrashing horrors
  2 deep troll earth magi (Depths:1)
  A queen ant (Spider:2)
  Urug (Abyss:1)
  A shock serpent (WizLab)
  A storm dragon zombie (Depths:4)
  2 sun demons (Depths:3)
  13 deep elf knights
  3 death drakes (WizLab)
  4 soul eaters
  17 skeletal warriors
  12 wretched stars
  5 spatial maelstroms
  A sixfirhy (Depths:3)
  5 hell knights (Depths:3)
  38 deep trolls
  3 shadow wraiths
  7 flayed ghosts
  5 iron trolls
  A lindwurm (Lair:6)
  6 sea snakes
  7 wizards
  14 unseen horrors
  A storm dragon skeleton (Vaults:2)
  10 deep elf archers
  An infernal demonspawn (Depths:3)
  A shadow demon (Abyss:1)
  A sea snake (shapeshifter) (Depths:1)
  A gelid demonspawn (Depths:3)
  14 ironbrand convokers
  8 glowing orange brains
  A swamp dragon (shapeshifter) (Depths:1)
  A lindwurm (shapeshifter) (Vaults:1)
  A spectral hydra (Depths:2)
  A spectral anaconda (Depths:2)
  A tengu zombie (Depths:1)
  A golden dragon skeleton (Depths:4)
  A shadow dragon zombie (Depths:4)
  11 harpies
  The ghost of tatocazan the Arsonist, a novice DEFE of Vehumet (D:9)
  Pikel (Abyss:1)
  55 ugly things
  10 necromancers
  42 starcursed masses
  An orc sorcerer (Orc:1)
  A wolf spider zombie (D:15)
  9 phantasmal warriors
  17 orb spiders
  A harpy (shapeshifter) (Depths:2)
  4 orc knights
  A sphinx zombie (Depths:4)
  A shadow dragon skeleton (Vaults:4)
  3 mana vipers (Depths:2)
  A mana viper (shapeshifter) (Vaults:2)
  A tengu skeleton (Vaults:2)
  34 wolf spiders
  26 deep elf magi
  14 fauns
  A faun (shapeshifter) (Depths:3)
  24 cyclopes
  A stone giant zombie (D:15)
  10 manticores
  2 worldbinders (Abyss:3)
  10 merfolk sirens
  9 human skeletons
  An elephant (shapeshifter) (Abyss:3)
  2 stone giant skeletons
  4 moths of wrath
  A black mamba (shapeshifter) (Vaults:2)
  2 molten gargoyles (D:13)
  A guardian serpent (shapeshifter) (Abyss:3)
  5 apocalypse crabs
  3 ice statues (IceCv)
  3 black mambas
  6 water nymphs
  2 frost giant skeletons
  13 smoke demons
  Joseph (Abyss:1)
  3 gargoyles (D:13)
  9 vault sentinels
  9 spiny frogs
  5 spectral swamp worms (Depths:5)
  An orange demon (Abyss:3)
  A spiny frog (shapeshifter) (Depths:5)
  3 freezing wraiths
  13 rime drakes
  A hellion (Abyss:3)
  2 anaconda simulacra (Depths:2)
  An ice devil (Depths:4)
  46 yaktaurs
  An efreet (D:13)
  7 komodo dragons
  A yaktaur skeleton (Vaults:2)
  2 red devils (Depths:1)
  15 demonic crawlers
  5 hellwings
  6 ancient zymes (Abyss:3)
  2 spectral merfolk (Depths:2)
  5 tengu conjurers
  34 jumping spiders
  23 merfolk
  10 trolls
  A polar bear (shapeshifter) (Vaults:4)
  A meliai (shapeshifter) (Vaults:3)
  2 polar bears (Lair:6)
  A jumping spider (shapeshifter) (Vaults:2)
  25 hornets
  A tengu simulacrum (Vaults:2)
  A deep troll zombie (D:15)
  26 raiju
  6 wind drakes
  9 blink frogs
  A wind drake (shapeshifter) (Vaults:1)
  A dream sheep (shapeshifter) (Vaults:2)
  10 hippogriffs
  19 slime creatures
  4 snapping turtles
  An ettin zombie (Depths:3)
  2 blink frogs (shapeshifter)
  12 dream sheep
  An ice dragon skeleton (D:15)
  70 redbacks
  14 yaks
  15 water elementals
  5 shadows
  30 tarantellas
  5 flying skulls
  Sigmund (Abyss:1)
  18 spriggans
  2 basilisks
  5 vampires (Depths:2)
  Grum (D:8)
  8 air elementals
  7 fire bats
  2 hogs (D:9)
  10 large abominations
  13 wraiths
  A basilisk (shapeshifter) (Vaults:1)
  2 wyverns
  4 fire elementals
  A hog (shapeshifter) (Depths:3)
  2 hungry ghosts
  4 golden eyes (Abyss:3)
  12 steam dragons (Lair:6)
  4 ynoxinuls
  A human (D:9)
  8 chaos spawn
  5 vampire mosquitoes
  A golden eye (shapeshifter) (Vaults:2)
  11 wargs
  Menkaure (D:6)
  5 neqoxecs
  5 spatial vortices
  8 insubstantial wisps
  A naga (shapeshifter) (Depths:3)
  Edmund (D:5)
  An acid dragon (Vaults:2)
  19 soldier ants
  13 hell hounds
  7 porcupines
  9 water moccasins
  2 spectral spriggans (Depths:2)
  A hydra simulacrum (Depths:2)
  A floating eye (shapeshifter) (Vaults:3)
  A floating eye (Depths:2)
  3 spectral trolls (Depths:2)
  8 black bears
  2 black bears (shapeshifter)
  2 orc zombies
  An eye of draining (shapeshifter) (Vaults:1)
  24 orc warriors
  3 eyes of draining
  A fire dragon simulacrum (Depths:1)
  15 ice beasts
  A snapping turtle zombie (Depths:2)
  2 phantoms
  A boggart (shapeshifter) (Vaults:2)
  3 sky beasts
  4 necrophages
  29 wolves
  19 boggarts
  A tengu (shapeshifter) (Vaults:3)
  2 elf skeletons (Vaults:2)
  43 ogres
  A centaur (shapeshifter) (Depths:5)
  14 centaurs
  A black mamba simulacrum (Abyss:3)
  13 crocodiles
  A snapping turtle skeleton (Abyss:3)
  A human zombie (Vaults:4)
  4 big kobolds
  17 bullfrogs
  An earth elemental (Abyss:3)
  A glowing shapeshifter simulacrum (Vaults:2)
  21 small abominations
  4 scorpions (Spider:1)
  A water moccasin skeleton (D:8)
  A wyvern skeleton (D:14)
  2 spectral nagas (Depths:2)
  A spectral ogre (Depths:2)
  7 killer bees
  A snapping turtle simulacrum (Abyss:3)
  18 wights
  8 howler monkeys
  5 electric eels
  4 spectral centaurs (Depths:2)
  A centaur zombie (D:7)
  13 crimson imps
  A bullfrog zombie (D:11)
  7 hounds
  7 quasits
  19 orc priests
  5 bullfrog skeletons
  An iron imp (Abyss:3)
  11 jellies
  28 orc wizards
  Ijyb (D:5)
  4 centaur skeletons
  Terence (D:2)
  6 iguanas
  4 hell rats (Lair:6)
  A spriggan simulacrum (Depths:2)
  40 worker ants
  A bullfrog simulacrum (D:9)
  13 adders
  A gnoll (D:2)
  2 howler monkey skeletons
  2 river rats (D:3)
  9 shadow imps
  12 white imps
  3 ufetubi
  An ooze (D:1)
  An adder skeleton (D:6)
  2 worms
  An adder simulacrum (D:9)
  3 dart slugs (D:1)
  3 leopard geckos
  96 orcs
  8 bats
  11 giant cockroaches
  8 hobgoblins
  6 jackals
  17 kobolds
  7 quokkas
  4 ball pythons
  5 frilled lizards
  7 goblins
  A jackal zombie (D:6)
  2 leopard gecko skeletons
  14 rats
  2 lurking horrors
  2 plants
  20 starspawn tentacles
  6 tentacles (Shoals:4)
2426 creatures vanquished.

Vanquished Creatures (collateral kills)
  An ettin (Abyss:1)
  A starcursed mass (Abyss:1)
2 creatures vanquished.

Vanquished Creatures (others)
  An orb of fire (Zot:5)
  A Killer Klown (Zot:5)
  A golden dragon (Zot:4)
  A fire giant (Depths:1)
  6 emperor scorpions
  2 draconian stormcallers
  An entropy weaver (Spider:2)
  2 red draconians (Zot:5)
  A purple draconian (Zot:5)
  An ettin (Vaults:3)
  A deep elf high priest (Elf:1)
  2 spriggan air magi (WizLab)
  A satyr (Shoals:2)
  A two-headed ogre (D:9)
  A thrashing horror (Abyss:1)
  A death drake (WizLab)
  6 ironbrand convokers
  A wolf spider (Spider:1)
  A deep elf mage (D:15)
  An orb spider (Spider:2)
  A manticore (Shoals:4)
  2 ugly things (D:11)
  An orange demon (Zot:5)
  2 molten gargoyles (D:13)
  4 vault sentinels
  2 kobold demonologists (D:15)
  A freezing wraith (Vaults:1)
  A tormentor (Abyss:3)
  A hornet (D:14)
  A wind drake (WizLab)
  A redback (Spider:2)
  An air elemental (WizLab)
  A steam dragon (Lair:6)
  A spatial vortex (Zot:5)
  A soldier ant (Spider:2)
  2 slaves (D:7)
  3 ogres
  A centaur (D:13)
  A crimson imp (D:13)
  A worker ant (D:14)
  A white imp (Abyss:3)
  A quokka (D:7)
  17 fungi
  33 plants
  48 starspawn tentacles
  46 tentacles (Shoals:4)
  2 withered plants (Zot:5)
210 creatures vanquished.

Grand Total: 2638 creatures vanquished

Notes
Turn   | Place    | Note
-------+----------+-------------------------------------------
     0 | Abyss:1  | JimmahDean the Hill Orc Abyssal Knight began the quest for
                  | the Orb.
     0 | Abyss:1  | Reached XP level 1. HP: 19/19 MP: 2/2
    32 | D:1      | Escaped the Abyss
   465 | D:1      | Reached XP level 2. HP: 26/26 MP: 4/4
   708 | D:1      | Reached ** piety under Lugonu
   715 | D:1      | Reached XP level 3. HP: 31/31 MP: 5/5
  2036 | D:2      | Reached XP level 4. HP: 39/39 MP: 6/6
  2353 | D:2      | Noticed Terence
  2376 | D:2      | Killed Terence
  2740 | D:1      | Reached XP level 5. HP: 44/45 MP: 8/8
  3804 | D:3      | Reached skill level 5 in Maces & Flails
  3953 | D:3      | Reached *** piety under Lugonu
  4221 | D:3      | Reached skill level 5 in Invocations
  4221 | D:3      | Reached XP level 6. HP: 38/51 MP: 9/9
  4576 | D:4      | Found a transporter.
  4621 | D:4      | Noticed MsNecromancer's ghost (amateur MiFi)
  4652 | D:4      | Found a transporter.
  4989 | D:4      | Reached XP level 7. HP: 24/57 MP: 11/11
  5165 | D:4      | Found Zuukk's Antique Armour Emporium.
  5438 | D:5      | Entered Level 5 of the Dungeon
  5503 | D:5      | Found a snail-covered altar of Cheibriados.
  5808 | D:5      | Found a deep blue altar of Sif Muna.
  5905 | D:5      | Got a slimy ring mail
  5916 | D:5      | Identified the +4 ring mail of Starshine {rPois rF++} (You
                  | found it on level 5 of the Dungeon)
  6019 | D:5      | Reached XP level 8. HP: 64/64 MP: 13/13
  6084 | D:5      | Found a staircase to the Ecumenical Temple.
  6178 | D:5      | Noticed Ijyb
  6199 | D:5      | Killed Ijyb
  6450 | D:5      | Noticed Edmund
  6478 | D:5      | Killed Edmund
  6959 | D:6      | Reached **** piety under Lugonu
  7011 | D:6      | Noticed Sigmund
  7012 | D:6      | Banished Sigmund
  7057 | D:6      | Reached skill level 10 in Maces & Flails
  7082 | D:6      | Reached XP level 9. HP: 72/72 MP: 15/15
  7363 | D:4      | Bought a faintly humming scale mail for 243 gold pieces
  7373 | D:4      | Identified the +2 scale mail of Misanthropy {rN+ MR+ Str+4
                  | Slay-5} (You bought it in a shop on level 4 of the Dungeon)
  7813 | D:6      | Noticed Menkaure
  7822 | D:6      | Killed Menkaure
  7822 | D:6      | Reached skill level 5 in Fighting
  8252 | D:7      | Learned a level 1 spell: Apportation
  8299 | D:7      | Reached skill level 1 in Dodging
  8611 | D:7      | Reached XP level 10. HP: 67/81 MP: 16/16
  8622 | D:7      | Noticed Pikel
  8623 | D:7      | Banished Pikel
  8739 | D:7      | Reached ***** piety under Lugonu
  9564 | D:8      | Noticed Joseph
  9565 | D:8      | Banished Joseph
  9913 | D:7      | Got a crude ring mail
  9924 | D:7      | Identified the cursed +1 ring mail "Nahoepn" {+Blink Str+3
                  | Dex-3} (You found it on level 7 of the Dungeon)
  9967 | D:8      | Noticed Grum
 10231 | D:8      | Killed Grum
 10833 | D:9      | Reached XP level 11. HP: 94/94 MP: 14/17
 10892 | D:9      | Found a glowing golden altar of the Shining One.
 10894 | D:9      | Found a radiant altar of Vehumet.
 11107 | D:4      | Bought a heavily runed ring mail for 243 gold pieces
 11117 | D:4      | Identified the +5 ring mail of the Countless Nights {rElec
                  | rPois rC+ Regen+} (You bought it in a shop on level 4 of
                  | the Dungeon)
 11278 | D:9      | Found a staircase to the Lair.
 11286 | D:9      | Reached skill level 1 in Evocations
 11362 | D:9      | Found a runed translucent gate.
 11362 | D:9      | Found a runed translucent gate.
 11362 | D:9      | Found a runed translucent gate.
 11405 | D:9      | Noticed tatocazan's ghost (novice DEFE)
 11409 | D:9      | Killed tatocazan's ghost
 11493 | D:9      | Noticed a two-headed ogre
 11494 | D:9      | Banished a two-headed ogre
 11868 | D:10     | Entered Level 10 of the Dungeon
 12020 | D:10     | Reached skill level 5 in Evocations
 12112 | D:10     | Found a portal to a secret trove of treasure.
 12820 | D:11     | Noticed a green ugly thing
 12822 | D:11     | Noticed a green ugly thing
 12837 | D:11     | Banished a white ugly thing
 12838 | D:11     | Banished a green ugly thing
 12971 | D:11     | Reached skill level 10 in Invocations
 13016 | D:11     | Found a staircase to the Orcish Mines.
 13081 | D:11     | Noticed a two-headed ogre
 13099 | D:11     | Killed a two-headed ogre
 13106 | D:11     | Noticed a purple ugly thing
 13107 | D:11     | Reached skill level 10 in Fighting
 13117 | D:11     | Banished a purple ugly thing
 13267 | Lair:1   | Entered Level 1 of the Lair of Beasts
 13358 | Lair:1   | Noticed Urug
 13359 | Lair:1   | Banished Urug
 14066 | Lair:2   | Reached XP level 12. HP: 91/110 MP: 19/19
 14171 | Lair:2   | Reached ****** piety under Lugonu
 14184 | Lair:2   | Found a frozen archway.
 14198 | IceCv    | Entered an ice cave
 14438 | IceCv    | Reached skill level 5 in Armour
 14503 | IceCv    | Got a shimmering flail
 14504 | IceCv    | Identified the +6 flail of Xom's Benevolence {antimagic,
                  | Str+7} (You found it in an ice cave)
 14568 | Lair:2   | Reached skill level 1 in Shields
 14759 | Lair:2   | Reached skill level 2 in Shields
 14841 | Lair:2   | Found a staircase to the Shoals.
 14945 | Lair:2   | Reached skill level 3 in Shields
 15410 | Lair:3   | Reached skill level 4 in Shields
 15752 | Lair:3   | Reached skill level 1 in Translocations
 16824 | Lair:4   | Found a hole to the Spider Nest.
 17105 | Lair:5   | Noticed a death yak
 17106 | Lair:5   | Noticed a death yak
 17118 | Lair:5   | Noticed a death yak
 17129 | Lair:4   | Killed a death yak
 17153 | Lair:4   | Killed a death yak
 17153 | Lair:4   | Reached XP level 13. HP: 41/118 MP: 6/20
 17234 | Lair:4   | Reached skill level 5 in Translocations
 17417 | Lair:5   | Reached skill level 1 in Spellcasting
 17606 | Lair:5   | Noticed Rupert
 17675 | Lair:5   | Banished Rupert
 18753 | Lair:6   | Entered Level 6 of the Lair of Beasts
 19327 | Lair:6   | Reached skill level 15 in Fighting
 19454 | Lair:6   | Reached XP level 14. HP: 135/135 MP: 7/22
 20213 | Lair:6   | Reached skill level 10 in Armour
 21115 | Orc:1    | Entered Level 1 of the Orcish Mines
 21202 | Orc:2    | Entered Level 2 of the Orcish Mines
 21202 | Orc:2    | Found a staircase to the Elven Halls.
 21244 | Orc:2    | Found a roughly hewn altar of Beogh.
 21843 | Orc:2    | Reached skill level 5 in Dodging
 22110 | Orc:2    | Reached XP level 15. HP: 136/141 MP: 8/24
 22128 | Orc:1    | Noticed Erolcha
 22130 | Orc:1    | Banished Erolcha
 22640 | Orc:2    | Found Cidek's Magic Scroll Boutique.
 22644 | Orc:2    | Found Ackeonwar's Armour Shoppe.
 22644 | Orc:2    | Found Gemej's General Store.
 22644 | Orc:2    | Found Ibycuf's Weapon Emporium.
 22652 | Orc:2    | Bought a scroll of enchant armour for 105 gold pieces
 22652 | Orc:2    | Bought a scroll of enchant armour for 105 gold pieces
 22652 | Orc:2    | Bought a scroll of identify for 28 gold pieces
 22654 | Orc:2    | Bought a potion of agility for 48 gold pieces
 22654 | Orc:2    | Bought an uncursed amulet of rage for 480 gold pieces
 22831 | Orc:1    | Paralysed by an orc sorcerer for 7 turns
 23178 | Orc:2    | Reached skill level 15 in Maces & Flails
 23587 | D:11     | Noticed Snorg
 23611 | D:11     | Killed Snorg
 23932 | D:11     | Found a shimmering altar of Xom.
 23933 | D:11     | Found a shimmering altar of Xom.
 23933 | D:11     | Found a shimmering altar of Xom.
 23934 | D:11     | Found a shimmering altar of Xom.
 24492 | D:12     | Noticed Frances
 24519 | D:12     | Killed Frances
 25257 | D:13     | Noticed Jorgrun
 25271 | D:13     | Killed Jorgrun
 25431 | D:13     | Found a gate to the Vaults.
 26553 | D:14     | Found a shimmering altar of Xom.
 26571 | D:14     | Noticed Agnes
 26588 | D:14     | HP: 4/141 [Agnes/+2 lajatang of pain (22)]
 26591 | D:14     | Killed Agnes
 26887 | D:14     | Noticed Azrael
 26909 | D:14     | Killed Azrael
 26925 | D:14     | Reached XP level 16. HP: 77/149 MP: 8/25
 27815 | D:14     | Found Wumubayn's Antique Weapon Boutique.
 28204 | D:15     | Entered Level 15 of the Dungeon
 28936 | D:15     | Found a staircase to the Depths.
 29962 | D:15     | Upgraded the game from 0.24-a0-136-gad582e5 to
                  | 0.24-a0-139-geb6712d
 30255 | Spider:1 | Entered Level 1 of the Spider Nest
 30796 | Lair:4   | HP: 2/149 [entropy weaver (10)]
 31120 | Spider:1 | Reached skill level 10 in Dodging
 32556 | Spider:2 | Reached XP level 17. HP: 51/158 MP: 8/26
 34763 | Spider:3 | Identified the ring of Arrival {Ice +Inv rElec rN+ Stlth-}
                  | (You found it on level 3 of the Spider Nest)
 34906 | Spider:3 | Learned a level 3 spell: Regeneration
 34917 | Spider:3 | Noticed Roxanne
 35282 | Spider:3 | Reached skill level 1 in Necromancy
 35480 | Spider:4 | Entered Level 4 of the Spider Nest
 35522 | Spider:3 | Reached skill level 1 in Charms
 38156 | Spider:4 | Reached XP level 18. HP: 150/176 MP: 0/27
 38368 | Spider:4 | Reached skill level 5 in Necromancy
 38517 | Spider:4 | Reached skill level 5 in Charms
 38540 | Spider:4 | Reached skill level 1 in Stealth
 38761 | Spider:4 | Got a gossamer rune of Zot
 39105 | Shoals:1 | Entered Level 1 of the Shoals
 40284 | Shoals:2 | Noticed Nikola
 40305 | Shoals:2 | Killed Nikola
 42693 | Shoals:3 | Found Uxuig's Distillery.
 43044 | Shoals:4 | Entered Level 4 of the Shoals
 44337 | Shoals:3 | Reached XP level 19. HP: 182/182 MP: 9/28
 44881 | Shoals:4 | Got a twitching copper ring
 44882 | Shoals:4 | Identified the ring of Tomorrow {Ice *Contam rElec rN+}
                  | (You found it on level 4 of the Shoals)
 45389 | Shoals:4 | Got a barnacled rune of Zot
 45795 | Shoals:3 | Bought a potion of agility for 76 gold pieces
 46061 | Vaults:1 | Entered Level 1 of the Vaults
 46258 | Vaults:1 | Found a flickering gateway to a bazaar.
 46285 | Bazaar   | Entered a bazaar
 46286 | Bazaar   | Found Vadurgh's Antique Armour Emporium.
 46286 | Bazaar   | Found Quirgh's Antique Armour Emporium.
 46287 | Bazaar   | Found Rewet's Antique Armour Shop.
 46318 | Bazaar   | Found Causuho's Armour Boutique.
 46340 | Bazaar   | Bought a pair of brightly glowing gloves for 399 gold
                  | pieces
 46350 | Bazaar   | Identified the +2 pair of gloves "Voty" {Int+2 SInv} (You
                  | bought it in a shop in a bazaar)
 46351 | Bazaar   | Bought a steaming chain mail for 399 gold pieces
 46361 | Bazaar   | Identified the +6 chain mail of Monotheism {rF- rCorr Str+4
                  | Stlth+} (You bought it in a shop in a bazaar)
 46378 | Bazaar   | Bought a scorched scale mail for 207 gold pieces
 46383 | Bazaar   | Identified the +3 scale mail "Lipt" {rC+ Regen+} (You
                  | bought it in a shop in a bazaar)
 46400 | Bazaar   | Bought a +4 plate armour of magic resistance for 500 gold
                  | pieces
 46671 | Vaults:1 | HP: 5/182 [fire giant/fireball (36)]
 47513 | Vaults:1 | Got a pair of heavily runed boots
 47519 | Vaults:1 | Identified the +1 pair of boots of Wetwurphec {-Tele +Inv
                  | Dex+4} (You found it on level 1 of the Vaults)
 47879 | Vaults:1 | Reached skill level 15 in Armour
 49558 | Vaults:2 | Found a staircase to the Crypt.
 50251 | Vaults:2 | Identified the +0 plate armour of Meuveerako {rN++ Dex+2}
 50591 | Vaults:2 | Reached XP level 20. HP: 148/191 MP: 9/29
 52107 | Vaults:2 | Found a runed translucent door.
 52109 | Vaults:2 | Noticed sokol815's ghost (adept OpFi)
 52223 | Vaults:2 | Killed sokol815's ghost
 53054 | Vaults:3 | Found Bexaxtag's Antique Weapon Emporium.
 53958 | Vaults:3 | Reached skill level 5 in Shields
 54511 | Vaults:3 | Reached skill level 6 in Shields
 54987 | Vaults:3 | Reached skill level 7 in Shields
 55319 | Vaults:3 | Identified a scroll of acquirement
 55534 | Vaults:3 | Reached skill level 8 in Shields
 55838 | Vaults:3 | Reached skill level 9 in Shields
 55901 | Vaults:3 | Reached skill level 10 in Shields
 55901 | Vaults:3 | Reached XP level 21. HP: 51/198 MP: 30/30
 56482 | Vaults:3 | Noticed a golden dragon
 56487 | Vaults:3 | a golden dragon changed into an iron giant
 56691 | Vaults:3 | Reached skill level 11 in Shields
 57226 | Vaults:4 | Reached skill level 12 in Shields
 57815 | Vaults:4 | Reached skill level 13 in Shields
 58393 | Vaults:4 | Reached skill level 14 in Shields
 59776 | Depths:1 | Entered Level 1 of the Depths
 59867 | Depths:1 | Found a burning altar of Makhleb.
 60008 | Depths:1 | Reached skill level 15 in Shields
 60442 | Depths:1 | Reached skill level 10 in Evocations
 60485 | Depths:1 | Reached XP level 22. HP: 170/205 MP: 31/31
 61333 | Depths:1 | Identified the +1 triple sword of Untimely Demise {freeze,
                  | rElec} (You found it on level 1 of the Depths)
 62464 | Depths:1 | Learned a level 2 spell: Swiftness
 62787 | Depths:1 | Reached skill level 1 in Air Magic
 63397 | Depths:1 | Found a gateway to Hell.
 63690 | Depths:1 | Found a gateway to a ziggurat.
 63731 | Depths:1 | Found Xemih's Jewellery Shop.
 63731 | Depths:1 | Found Nemew's Gadget Shoppe.
 63732 | Depths:1 | Found Buor's Jewellery Shop.
 63738 | Depths:1 | Bought the amulet of Cimaxzoa {rC++ Regen+ Int+4} for 1383
                  | gold pieces
 64334 | Depths:2 | Paralysed by a floating eye for 2 turns
 64621 | Depths:2 | Identified the amulet "Xaniarpho" {Inacc -Tele rElec rF+
                  | Dex+2} (You found it on level 2 of the Depths)
 64731 | Depths:2 | Noticed an ancient lich
 64750 | Depths:2 | Killed an ancient lich
 64750 | Depths:2 | Reached skill level 15 in Evocations
 64750 | Depths:2 | Reached XP level 23. HP: 207/213 MP: 34/34
 64828 | Depths:2 | Reached skill level 5 in Stealth
 65455 | Depths:2 | Identified the +4 faerie dragon scales {-Tele rCorr MP+1
                  | Str+7 Int-4 Dex+3}
 65455 | Depths:2 | Noticed the Enchantress
 65465 | Depths:2 | Killed the Enchantress
 65727 | Depths:3 | Found a one-way gate leading to the halls of Pandemonium.
 66157 | Depths:3 | Found a transporter.
 66249 | Depths:3 | Identified a +4 demon whip of distortion (a +2 demon whip
                  | corrupted by Lugonu)
 66249 | Depths:3 | Received a gift from Lugonu
 66315 | Depths:3 | Found a shattered altar of Ashenzari.
 66409 | Depths:3 | Found a one-way gate to the infinite horrors of the Abyss.
 66526 | Depths:3 | Found a transporter.
 67383 | Depths:4 | Found a magical portal.
 67420 | WizLab   | Entered The Chambers of the Cloud Mage
 67844 | WizLab   | Paralysed by you for 5 turns
 68089 | WizLab   | Identified the ring "Duseu" {rN+ EV+5 Str+2 Dex+5} (You
                  | found it in a wizard's laboratory)
 68100 | WizLab   | Identified the ring "Seuguz" {Fire Str+3 Dex+3} (You found
                  | it in a wizard's laboratory)
 68108 | WizLab   | Identified the Guide on Air
 68456 | Depths:4 | Reached skill level 16 in Shields
 68458 | Depths:4 | Found Sybod's Magic Scroll Emporium.
 68464 | Depths:4 | Reached XP level 24. HP: 198/227 MP: 34/34
 68490 | Depths:4 | Bought a scroll of enchant armour for 120 gold pieces
 68545 | Depths:4 | Identified the +0 pair of gloves of Peek-a-Boo {MR+} (You
                  | found it on level 4 of the Depths)
 69372 | Depths:4 | Reached skill level 17 in Shields
 69399 | Depths:5 | Entered Level 5 of the Depths
 69512 | Depths:5 | Noticed a juggernaut
 69616 | Depths:5 | Noticed a juggernaut
 69617 | Depths:5 | Found a runed translucent gate.
 69617 | Depths:5 | Noticed MsNecromancer's ghost (veteran MiFi)
 69618 | Depths:5 | Found a runed translucent gate.
 69619 | Depths:5 | Found a runed translucent gate.
 69651 | Depths:5 | Reached skill level 18 in Shields
 69680 | Depths:5 | Found a viscous altar of Jiyva.
 70026 | Depths:5 | Killed a juggernaut
 70123 | Depths:5 | Found a corrupted altar of Lugonu.
 70143 | Depths:5 | Reached skill level 19 in Shields
 70293 | Depths:4 | Noticed a juggernaut
 70298 | Depths:4 | Noticed a caustic shrike
 70308 | Depths:4 | Killed a juggernaut
 70316 | Depths:4 | Killed a caustic shrike
 70543 | Depths:5 | Found a gate to the Realm of Zot.
 70893 | Depths:5 | Reached skill level 20 in Shields
 70971 | Depths:5 | Reached XP level 25. HP: 204/234 MP: 34/34
 71258 | Depths:1 | Bought the ring "Vociqigi" {rF+++ rC- Int+4 Dex-5 Slay+6}
                  | for 1457 gold pieces
 71732 | Depths:5 | Killed a juggernaut
 71772 | Depths:5 | Killed MsNecromancer's ghost
 71814 | Depths:5 | Reached skill level 21 in Shields
 71918 | Depths:5 | Voluntarily entered the Abyss.
 71964 | Abyss:1  | Killed Urug
 72006 | Abyss:1  | Killed Pikel
 72032 | Abyss:1  | Killed Erolcha
 72061 | Abyss:1  | Noticed an ancient lich
 72070 | Abyss:1  | HP: 1/234 [ancient lich/bolt of lightning (40)]
 72072 | Depths:5 | Escaped the Abyss
 72333 | Depths:5 | Voluntarily entered the Abyss.
 72352 | Depths:5 | Escaped the Abyss
 72354 | Depths:5 | Voluntarily entered the Abyss.
 72362 | Abyss:1  | Killed Joseph
 72373 | Abyss:1  | Killed Sigmund
 72519 | Abyss:1  | Killed Rupert
 72767 | Abyss:1  | Gained mutation: Your body sometimes deteriorates upon
                  | taking damage. [a neqoxec]
 73034 | Abyss:3  | Found a corrupted altar of Lugonu.
 73225 | Abyss:3  | Reached skill level 22 in Shields
 74004 | Abyss:3  | Gained mutation: You are frail. (-10% HP) [a neqoxec]
 74043 | Abyss:3  | Gained mutation: You do not regenerate when monsters are
                  | visible. [a neqoxec]
 74091 | Abyss:3  | Lost mutation: Your body sometimes deteriorates upon taking
                  | damage. [potion of mutation]
 74091 | Abyss:3  | Lost mutation: You are frail. (-10% HP) [potion of
                  | mutation]
 74091 | Abyss:3  | Lost mutation: You do not regenerate when monsters are
                  | visible. [potion of mutation]
 74091 | Abyss:3  | Gained mutation: You are clumsy. (Dex -2) [potion of
                  | mutation]
 74091 | Abyss:3  | Gained mutation: Your magical capacity is low. (-10% MP)
                  | [potion of mutation]
 74091 | Abyss:3  | Gained mutation: You are somewhat resistant to further
                  | mutation. [potion of mutation]
 74148 | Abyss:3  | Reached skill level 23 in Shields
 74478 | Abyss:3  | Reached XP level 26. HP: 157/243 MP: 27/30
 74549 | Abyss:3  | Paralysed by accursed screaming for 1 turns
 74779 | Abyss:3  | Reached skill level 24 in Shields
 74817 | Abyss:3  | Got an abyssal rune of Zot
 74818 | Depths:5 | Escaped the Abyss
 75255 | Elf:1    | Entered Level 1 of the Elven Halls
 75706 | D:10     | You paid a toll of 7 potions of agility to enter a treasure
                  | trove
 75707 | Trove    | Entered a treasure trove
 75722 | Trove    | Identified the +1 great mace of Vengeance {freeze, rPois
                  | Dex-3 SInv} (You found it in a treasure trove)
 75744 | Trove    | Got a sparkling silver amulet
 75745 | Trove    | Identified the amulet "Buoraemi" {Regen+ Dex+3} (You found
                  | it in a treasure trove)
 75747 | Trove    | Got an ancient golden amulet
 75748 | Trove    | Identified the amulet of Jepreacs {Inacc *Drain Str+3
                  | Stlth+} (You found it in a treasure trove)
 75750 | Trove    | Got a steaming sapphire amulet
 75751 | Trove    | Identified the amulet of the Invisible Hand {rElec Regen+
                  | Dex+4} (You found it in a treasure trove)
 75827 | D:10     | Reached XP level 27. HP: 249/249 MP: 30/30
 76140 | Zot:1    | Entered Level 1 of the Realm of Zot
 76165 | Depths:5 | Reached skill level 25 in Shields
 76611 | Zot:4    | HP: 9/249 [death cob (21)]
 76617 | Zot:4    | HP: 11/250 [poisoned by a ghost moth]
 76617 | Zot:4    | HP: 5/250 [golden dragon/bolt of fire (6)]
 76620 | Abyss:1  | HP: 1/250 [poisoned by a ghost moth]
 76634 | Abyss:1  | Found a corrupted altar of Lugonu.
 76669 | Abyss:1  | HP: 11/250 [bone dragon (13)]
 76670 | Abyss:1  | Found a corrupted altar of Lugonu.
 76916 | Zot:4    | Escaped the Abyss
 77155 | Zot:5    | Entered Level 5 of the Realm of Zot
 77155 | Zot:5    | Found a runed translucent door.
 77155 | Zot:5    | Noticed MsNecromancer's ghost (master MiFi)
 77663 | Zot:5    | Noticed an orb of fire
 77750 | Zot:5    | Gained mutation: You are weak. (Str -2) [an orb of fire]
 77755 | Zot:5    | Noticed an orb of fire
 77771 | Zot:4    | Gained mutation: You tend to lose your temper in combat.
                  | [an orb of fire]
 77773 | Zot:4    | Gained mutation: Your magical capacity is very low. (-20%
                  | MP) [an orb of fire]
 77780 | Zot:4    | Killed an orb of fire
 77904 | Zot:5    | Gained mutation: You are very weak. (Str -4) [an orb of
                  | fire]
 77910 | Zot:5    | Killed an orb of fire
 78298 | Zot:5    | Noticed an orb of fire
 78319 | Zot:5    | Killed an orb of fire
 78775 | Zot:5    | Got the Orb of Zot
 78777 | Zot:5    | Noticed an orb of fire
 78777 | Zot:5    | Noticed an ancient lich
 78777 | Zot:5    | Noticed an orb of fire
 78777 | Zot:5    | Noticed an ancient lich
 78777 | Zot:5    | Noticed an orb of fire
 78778 | Zot:5    | Corrupted Zot:5
 78784 | Zot:5    | Gained mutation: You are very clumsy. (Dex -4) [an orb of
                  | fire]
 78819 | Zot:5    | Killed an orb of fire
 78829 | Zot:5    | Killed an orb of fire
 78870 | Zot:5    | HP: 5/250 [Ice Fiend/bolt of cold (26)]
 78874 | Zot:5    | Mangled by an Ice Fiend

Levels and vault maps discovered:
D:1:      lemuel_arrival_broad_hall, layout_basic, serial_forest,
          infiniplex_forest_end_3, infiniplex_forest_corner_1,
          infiniplex_forest_clump_C, infiniplex_forest_clump_small,
          infiniplex_forest_straight_2, infiniplex_forest_straight_2,
          infiniplex_forest_lined_3, infiniplex_forest_end_3,
          infiniplex_forest_clump_large, infiniplex_forest_clump_small,
          chequers_big_river, minmay_heptomino_w4
D:2:      layout_basic, uniq_terence
D:3:      layout_basic, portal_sewer_entry_b
D:4:      minmay_chambers_of_fours, layout_rooms, gammafunk_ghost_stat_death,
          first_ration, serial_shops, kennysheep_little_box
D:5:      layout_loops_corners, old_standard_altar, led_sif_book,
          temple_fountains, lemuel_old_faithful, uniq_ijyb, uniq_edmund
D:6:      layout_loops_cross, minmay_crystal_water, wad_floor_pattern_untrapped,
          serial_bayou_crossing, uniq_sigmund, uniq_menkaure
D:7:      cheibrodos_barr_body, layout_loops_ring, small_statue_intersection,
          uniq_pikel
D:8:      layout_gridville, uniq_joseph, uniq_grum
D:9:      layout_roguey, chequers_temple_overflow_statue_of_worship,
          david_lair_shrubbed, gammafunk_ghost_icy, grunt_livestock
D:10:     layout_grid_maze, enter_trove_1
D:11:     layout_layer_cave, erik_orc_3, xom_shifter_show, uniq_snorg
D:12:     erik_rubicon_a, layout_cave_pools, uniq_frances
D:13:     layout_basic, lightli_vaults_fourway_checkpoint, minivault_8,
          uniq_jorgrun
D:14:     layout_basic, basic_altar, serial_shops, shop_statue,
          hangedman_aviary, uniq_azrael, uniq_agnes
D:15:     gammafunk_depths_entry_grave, layout_long_grid, grunt_decor_fettered,
          feat_on_display
Lair:1:   layout_cave_shapes, uniq_urug
Lair:2:   layout_regular_city, minmay_shoals_entry_lonely_mermaid,
          portal_ice_cave_entry_pillars_1, chequers_serial_rivers_room_a,
          serial_bayou_shore_a
Lair:3:   layout_chaotic_city, roderic_carrion_pond, lemuel_fruit_tree,
          serial_bayou_shore_b
Lair:4:   layout_regular_city, spider_nest_entry_a
Lair:5:   layout_layer_cave, minmay_slime_entry_oklob_enclosed, minivault_19,
          uniq_rupert
Lair:6:   minmay_lair_end_enchanted_forest, layout_long_grid,
          bobbens_dragon_lair_wall
Shoals:1: layout_shoals, st_cyclops
Shoals:2: cheibrodos_shoals_satyrical_garden, layout_shoals, uniq_nikola
Shoals:3: nzn_motion_control, layout_shoals, serial_shops, shop_coins,
          st_shoals_ruin
Shoals:4: shoals_end_hangedman, layout_shoals
Spider:1: spiders_nest_scorpion_pit, drop_trap, spiders_nest_spider_trap
Spider:2: layout_spider_delve, drop_trap, zaba_anthell
Spider:3: layout_spider_delve, guppyfry_spider_mini_1, uniq_roxanne
Spider:4: guppyfry_spider_rune, hangedman_spider_tarantella_strand
Orc:1:    layout_caves, uniq_erolcha
Orc:2:    st_orc_ogre_mass, layout_caves, basic_altar
Elf:1:    minmay_elf_arrival_plus, layout_loops_cross, serial_shops, shop,
          hangedman_corner_corridor, nicolae_elf_w_pinch, minivault_4
Vaults:1: nicolae_vaults_little_squares_2, ontoclasm_vaults_tryst,
          nicolae_vaults_what_the_h, ontoclasm_vaults_hangar,
          nicolae_vaults_theta, ontoclasm_vaults_spin,
          hangedman_vaults_river_flow, v_alt_pattern_2, layout_vaults_omnigrid,
          serial_shops, bzr_entry_road
Vaults:2: ebering_vaults_ghost_reflecting_pool, v_misc_29,
          hangedman_vaults_slice, nicolae_vaults_three_branches,
          nicolae_vaults_diagonal_hallway_7, hangedman_vaults_snaps,
          grunt_vaults_bifocal, v_alt_pattern_2,
          minmay_crypt_entry_skeletal_spiral, grunt_vaults_hallway_short,
          hangedman_vaults_hat, ontoclasm_vaults_loading_screen,
          layout_vaults_maze_snakey
Vaults:3: ontoclasm_vaults_decontamination, hangedman_vaults_stretched_pinwheel,
          v_pattern_3, hangedman_vaults_trim, nicolae_vaults_border_crossing,
          nicolae_vaults_big_angled_halls, st_greater_box_1, v_misc_2,
          v_misc_24, v_rooms_1, v_misc_18, nicolae_vaults_circle_grid_b,
          layout_vaults_omnibox, serial_shops, nicolae_shop_trees
Vaults:4: ontoclasm_vaults_chip, v_rooms_4, nicolae_vaults_little_squares_3,
          nicolae_vaults_shelves_hall, grunt_vaults_twisty,
          ontoclasm_vaults_claustrophobia, hangedman_vaults_cutoff,
          vaults_room_stairs_pillars, vaults_room_corners,
          vaults_room_fancy_cross, v_pattern_1, vaults_room_hallway,
          layout_vaults_omnicross
Depths:1: grunt_twisty_corner, layout_gridlike, enter_ziggurat_e, hellmouth_3,
          glass_columns_a, lemuel_statue_altar, minmay_shop_grove
Depths:2: lemuel_river_lethe, hell_entry, uniq_enchantress
Depths:3: gammafunk_dig_for_victory, layout_gridlike, abyss_entry,
          ashenzari_altar_1, lightli_too_deep, grunt_pan_entry_spiral,
          st_stairs_12
Depths:4: minmay_connected_triangles_in_corner, layout_gridville,
          hangedman_coc_ice_floe, kennysheep_decorative_pillar, serial_shops,
          shop, mu_enter_wizlab_1, abyss_entry, infiniplex_staircase_spiral
Depths:5: evilmike_zot_entry_diamond, layout_cave_shapes, gammafunk_ghost_split,
          pf_hell_entry_tar_river, special_room [special_room_jelly],
          chequers_serial_rivers_room_a, abyss_entry_flame_altar,
          minmay_door_square
Zot:1:    layout_misc_corridors
Zot:2:    layout_onion_interference
Zot:3:    cheibrodos_zot_enchanting_chambers, layout_basic,
          st_large_dragon_hoard_1
Zot:4:    kennysheep_bubbly, layout_misc_corridors
Zot:5:    layout_misc_corridors, gammafunk_ghost_grave
Abyss:1
Abyss:2:  hangedman_abyss_monster_moat
Abyss:3:  evilmike_abyss_rune_ettins
Bazaar:   bazaar_minmay_plants
Trove:    trove_garden
IceCv:    ice_cave_statue_garden_chambered
WizLab:   wizlab_cloud

Skill      XL: |  1  2  3  4  5  6  7  8  9 10 11 12 13 14 15 16 17 18 19 20 21 22 23 24 25 26 27 |
---------------+----------------------------------------------------------------------------------+-----
Maces & Flails | 3 4 5 6 8 10 12 14 16 17 18 | 18.0
Invocations    | 3 4 5 7 8 10 11 13 | 13.0
Fighting       | 4 5 7 11 12 15 16 19 21 | 21.0
Armour         | 4 8 11 12 14 17 18 19 | 19.8
Dodging        | 2 3 6 7 10 14 | 14.1
Evocations     | 5 9 10 15 | 15.1
Shields        | 4 10 15 16 20 23 24 25 | 25.0
Translocations | 4 5 |  5.0
Spellcasting   | 3 |  3.0
Necromancy     | 4 5 7 |  7.0
Charms         | 4 5 7 |  7.0
Stealth        | 4 7 |  7.1
Air Magic      | 4 |  4.0

Action                   |  1- 3 |  4- 6 |  7- 9 | 10-12 | 13-15 | 16-18 | 19-21 | 22-24 | 25-27 || total
-------------------------+-------+-------+-------+-------+-------+-------+-------+-------+-------++-------
Melee: Mace              |   106 |   248 |   175 |       |       |       |       |       |       ||   529
       Dire flail        |       |       |   202 |   634 |       |       |       |       |       ||   836
       Flail             |       |       |       |   230 |  1458 |  2625 |  1764 |       |       ||  6077
       Eveningstar       |       |       |       |       |       |       |   655 |  2017 |  1465 ||  4137
       Demon whip        |       |       |       |       |       |       |       |       |    99 ||    99
 Cast: Apportation       |       |       |       |       |       |     3 |       |       |     6 ||     9
       Regeneration      |       |       |       |       |       |     1 |     8 |     3 |    43 ||    55
Invok: Bend Space        |       |     3 |       |     4 |     4 |    22 |     3 |     2 |     2 ||    40
       Banish            |       |       |     3 |     7 |     6 |    27 |    19 |       |     3 ||    65
       Brand Weapon With |       |       |       |       |       |       |       |     1 |       ||     1
       Depart the Abyss  |       |       |       |       |       |       |       |       |     4 ||     4
       Corrupt           |       |       |       |       |       |       |       |       |     1 ||     1
       Enter the Abyss   |       |       |       |       |       |       |       |       |     1 ||     1
 Abil: Evoke Invisibilit |       |       |       |       |       |       |       |       |     2 ||     2
Evoke: Wand              |       |       |     2 |     2 |    24 |    19 |     8 |    10 |    16 ||    81
       Lightning rod     |       |       |       |     5 |     5 |     2 |    10 |    11 |       ||    33
       Lamp of fire      |       |       |       |       |     1 |     1 |     1 |     3 |     2 ||     8
       Sack of spiders   |       |       |       |       |     1 |       |       |       |       ||     1
       Box of beasts     |       |       |       |       |       |       |       |       |     1 ||     1
       Phantom mirror    |       |       |       |       |       |       |       |       |     1 ||     1
  Use: Scroll            |       |     2 |     1 |    20 |     9 |    16 |    24 |    12 |    28 ||   112
       Potion            |       |       |       |       |     4 |     6 |     4 |     3 |    24 ||    41
 Stab: Invisible         |       |       |       |       |       |       |     5 |       |     2 ||     7
       Paralysed         |       |       |       |       |       |       |     2 |     4 |       ||     6
       Petrified         |       |       |       |       |       |       |     2 |       |       ||     2
       Petrifying        |       |       |       |       |       |       |     1 |       |       ||     1
       Distracted        |       |       |       |       |       |       |       |       |     3 ||     3
  Eat: Chunk             |     3 |    10 |    17 |    24 |    29 |    50 |    47 |    34 |    24 ||   238
       Ration            |       |       |       |     1 |     2 |     5 |     4 |     1 |     6 ||    19
Armor: Leather armour    |    28 |    13 |       |       |       |       |       |       |       ||    41
       Ring mail         |       |    40 |    44 |   190 |   324 |   967 |    48 |       |       ||  1613
       Scale mail        |       |    10 |    26 |       |       |       |       |       |       ||    36
       Plate armour      |       |       |       |       |       |       |   771 |   739 |   555 ||  2065
       Skin              |       |       |       |       |       |       |    14 |    22 |       ||    36
Dodge: Dodged            |    55 |   157 |   184 |   490 |   875 |  2316 |  1002 |   880 |   416 ||  6375
Block: Buckler           |       |    23 |    11 |    22 |   266 |   628 |   231 |       |       ||  1181
       Reflection        |       |       |       |       |     7 |    23 |     7 |       |       ||    37
       Shield            |       |       |       |       |       |       |   394 |  1088 |   584 ||  2066
       Large shield      |       |       |       |       |       |       |       |       |   539 ||   539

Table legend:
 A = Non-vault XP
 B = Vault XP
 C = Vault XP percentage of total XP
 D = Non-vault monster count
 E = Vault monster count
 F = Vault count percentage of total count
                 A         B        C        D         E       F
            +---------+---------+-------+---------+---------+-------
      Total |  661972 |  696989 |  51.3 |    1499 |     956 |  38.9
            +---------+---------+-------+---------+---------+-------
        D:1 |      60 |       8 |  11.8 |      23 |       5 |  17.9
        D:2 |      74 |      36 |  32.7 |      21 |       1 |   4.5
        D:3 |     222 |      29 |  11.6 |      26 |       4 |  13.3
        D:4 |     197 |      21 |   9.6 |      13 |       5 |  27.8
        D:5 |     851 |     197 |  18.8 |      22 |       2 |   8.3
        D:6 |     930 |     275 |  22.8 |      26 |       2 |   7.1
        D:7 |    2369 |    1032 |  30.3 |      45 |      10 |  18.2
        D:8 |    1524 |     763 |  33.4 |      36 |       5 |  12.2
        D:9 |    1930 |    2450 |  55.9 |      22 |      16 |  42.1
       D:10 |    1002 |       0 |   0.0 |      18 |       0 |   0.0
       D:11 |    5745 |    1852 |  24.4 |      33 |      18 |  35.3
       D:12 |    7119 |    2260 |  24.1 |      42 |       1 |   2.3
       D:13 |    6139 |    9062 |  59.6 |      27 |      17 |  38.6
       D:14 |    7054 |   10359 |  59.5 |      21 |      16 |  43.2
       D:15 |   15040 |    4383 |  22.6 |      43 |       8 |  15.7
     Lair:1 |     578 |     416 |  41.9 |       4 |       1 |  20.0
     Lair:2 |    3767 |    1605 |  29.9 |      17 |       3 |  15.0
     Lair:3 |    4905 |     353 |   6.7 |      21 |       3 |  12.5
     Lair:4 |    8962 |     225 |   2.4 |      21 |       1 |   4.5
     Lair:5 |    6946 |    1855 |  21.1 |      18 |       2 |  10.0
     Lair:6 |   13165 |   15626 |  54.3 |      41 |      69 |  62.7
   Shoals:1 |    4483 |    4072 |  47.6 |      11 |       6 |  35.3
   Shoals:2 |   11203 |    7132 |  38.9 |      26 |       7 |  21.2
   Shoals:3 |   14736 |    8985 |  37.9 |      28 |      15 |  34.9
   Shoals:4 |    7000 |   13297 |  65.5 |      18 |      19 |  51.4
   Spider:1 |    4562 |    8081 |  63.9 |      18 |      28 |  60.9
   Spider:2 |   21636 |    5737 |  21.0 |      60 |      46 |  43.4
   Spider:3 |   17226 |    1499 |   8.0 |      44 |       6 |  12.0
   Spider:4 |   12387 |   19701 |  61.4 |      28 |      35 |  55.6
      Orc:1 |    2398 |    7079 |  74.7 |      21 |      17 |  44.7
      Orc:2 |    1998 |   10477 |  84.0 |      35 |      21 |  37.5
      Elf:1 |   14496 |    5412 |  27.2 |      20 |      10 |  33.3
   Vaults:1 |   20831 |   17284 |  45.3 |      30 |      28 |  48.3
   Vaults:2 |   39680 |   25577 |  39.2 |      61 |      38 |  38.4
   Vaults:3 |   15621 |   65880 |  80.8 |      36 |      66 |  64.7
   Vaults:4 |   37645 |   17274 |  31.5 |      48 |      31 |  39.2
   Depths:1 |   25242 |   84471 |  77.0 |      38 |     100 |  72.5
   Depths:2 |     292 |   67688 |  99.6 |       1 |     109 |  99.1
   Depths:3 |   39712 |   11277 |  22.1 |      54 |      20 |  27.0
   Depths:4 |   42682 |   21155 |  33.1 |      52 |       9 |  14.8
   Depths:5 |   40562 |   78519 |  65.9 |      33 |      48 |  59.3
      Zot:1 |    8737 |       0 |   0.0 |       5 |       0 |   0.0
      Zot:2 |     462 |       0 |   0.0 |       1 |       0 |   0.0
      Zot:3 |    6125 |       0 |   0.0 |       3 |       0 |   0.0
      Zot:4 |   28287 |   17522 |  38.3 |      15 |       5 |  25.0
      Zot:5 |   14312 |   97444 |  87.2 |       9 |      28 |  75.7
    Abyss:1 |   36442 |   10979 |  23.2 |      49 |      10 |  16.9
    Abyss:2 |    3827 |       0 |   0.0 |       7 |       0 |   0.0
    Abyss:3 |  100809 |   12382 |  10.9 |     208 |      18 |   8.0
      IceCv |       0 |    3298 | 100.0 |       0 |      11 | 100.0
     WizLab |       0 |   21960 | 100.0 |       0 |      36 | 100.0
            +---------+---------+-------+---------+---------+-------
